 Dungeon Crawl Stone Soup version 0.17-b1-20-g63edfd6 (webtiles) character file.

2958 4thArraOfDagon the Cleaver (level 9, 0/49 HPs)
             Began as a Vine Stalker Berserker on Nov 4, 2015.
             Was a Believer of Trog.
             Slain by an orc wizard
             ... wielding a +0 dagger
              (2 damage)
             ... on level 11 of the Dungeon.
             The game lasted 00:06:28 (1250 turns).

4thArraOfDagon the Cleaver (Vine Stalker Berserker) Turns: 1250, Time: 00:06:28

Health: 0/49       AC:  7    Str: 23    XL:     9   Next: 81%
Magic:  0/10       EV: 10    Int:  7    God:    Trog [**....]
Gold:   310        SH:  0    Dex: 14    Spells: 0 memorised, 8 levels left

rFire  . . .     SeeInvis .     a - +0 hand axe
rCold  . . .     Clarity  .     m - +0 scale mail
rNeg   . . .     SustAt   .     (no shield)
rPois  .         Gourm    .     (no helmet)
rElec  .         Spirit   +     (no cloak)
rCorr  .         Warding  .     (no gloves)
rMut   .         Stasis   .     (no boots)
MR     +....                    (no amulet)
Stlth  ..........               (no ring)
                                (no ring)

@: exhausted, starving, slowed, very slow, somewhat resistant to hostile
enchantments, extremely unstealthy
A: fangs 3, regeneration 2, magic shield, antimagic bite, no device heal 3, rot
immunity
a: Berserk, Trog's Hand, Burn Spellbooks, Renounce Religion


You were on level 11 of the Dungeon.
You worshipped Trog.
Trog was pleased with you.
You were starving.

You visited 1 branch of the dungeon, and saw 11 of its levels.

You collected 310 gold pieces.

Inventory:

Hand Weapons
 a - a +0 hand axe (weapon)
Missiles
 l - a throwing net (quivered)
Armour
 m - a +0 scale mail (worn)
Scrolls
 b - a scroll of teleportation {unknown}
 e - a scroll of identify {unknown}
 k - 2 scrolls of remove curse {unknown}
Potions
 j - a potion of curing
 n - a potion of lignification {unknown}
Books
 i - a Necronomicon

   Spells                             Type                      Level
   a - Haunt                          Necromancy/Summoning         7
   b - Borgnjor's Revivification      Necromancy                   8
   c - Death's Door                   Charms/Necromancy            8
   d - Necromutation                  Transmutation/Necromancy     8
   Trog disapproves of the use of such an item.
Comestibles
 c - 3 bread rations
 f - 2 slices of pizza
 g - 5 fruits
 h - 5 meat rations


   Skills:
 + Level 6.6 Fighting
 * Level 9.2 Axes
 + Level 5.6 Armour
 - Level 1.5 Dodging


You had 8 spell levels left.
You didn't know any spells.

Dungeon Overview and Level Annotations

Branches:
Dungeon (11/15)
 Temple: D:4-7         Lair: D:8-11         Orc: D:9-12

Altars:
Ashenzari


Innate Abilities, Weirdness & Mutations

You have razor-sharp teeth.
You heal very quickly.
When hurt, damage is shared between your health and your magic reserves.
Your bite disrupts and absorbs the magic of your enemies.
Potions and wands cannot restore your health.
You are immune to rotting.


Message History

You closely miss the orc wizard.
You bite the orc wizard, but do no damage.
The orc wizard is severely wounded.
You hit the orc but do no damage. You hit the orc.
The orc is severely wounded.
The orc wizard hits you but does no damage.
The orc hits you with a hand axe.
* * * LOW HITPOINT WARNING * * *
The orc hits you but does no damage.
The orc wizard falters for a moment.
Unknown command.
Unknown command.
Unknown command.
You hit the orc wizard but do no damage.
Your bite misses the orc wizard.
The orc wizard is severely wounded.
You hit the orc.
You kill the orc!
Trog accepts your kill.
You hit the orc but do no damage. The orc wizard hits you with a dagger.
You die...

#.. #...########
#.......[....
#............
............
..####.#.........
......o[.........
......o@†........
......##)........
.###. #†<.......
#......#######
.........
##...#....
###.#.....
#...>.... #
#.....##


You could see an orc wizard and an orc.

Vanquished Creatures
  Pikel (D:7)
  Joseph (D:7)
  The ghost of 4thArraOfDagon the Chopper, a novice VSBe of Trog (D:7)
  A water moccasin (D:10)
  A wolf (D:9)
  2 hungry ghosts
  2 phantoms
  2 ogres
  An eye of draining (D:8)
  5 giant frogs
  3 scorpions
  A water moccasin skeleton (D:7)
  5 killer bees (D:11)
  A quasit (D:6)
  A giant frog skeleton (D:8)
  A worker ant (D:4)
  An iguana (D:10)
  2 orc wizards
  A centaur simulacrum (D:9)
  A hound zombie (D:8)
  A hound skeleton (D:10)
  4 adders
  A shadow imp (D:8)
  3 adder skeletons
  2 giant geckos (D:10)
  12 orcs
  2 ball pythons
  3 giant gecko skeletons
  2 giant newts
  A rat (D:3)
65 creatures vanquished.

Vanquished Creatures (others)
  A worker ant (D:7)
1 creature vanquished.

Grand Total: 66 creatures vanquished

Notes
Turn   | Place    | Note
--------------------------------------------------------------
     0 | D:1      | 4thArraOfDagon the Vine Stalker Berserker began the quest for the Orb.
     0 | D:1      | Reached XP level 1. HP: 11/11 MP: 2/2
    42 | D:2      | Reached skill level 3 in Axes
    42 | D:2      | Reached XP level 2. HP: 16/16 MP: 3/3
    70 | D:2      | You fall through a shaft!
   135 | D:3      | Reached XP level 3. HP: 17/19 MP: 4/4
   179 | D:4      | Noticed an ogre
   182 | D:4      | Noticed a phantom
   188 | D:4      | Killed an ogre
   188 | D:4      | Reached skill level 4 in Axes
   188 | D:4      | Reached XP level 4. HP: 24/24 MP: 5/5
   188 | D:4      | Reached XP level 5. HP: 28/28 MP: 6/6
   198 | D:4      | Killed a phantom
   198 | D:4      | Gained mutation: You heal very quickly. [Vine Stalker growth]
   198 | D:4      | Reached XP level 6. HP: 27/33 MP: 7/7
   252 | D:5      | Entered Level 5 of the Dungeon
   332 | D:6      | Reached skill level 5 in Axes
   335 | D:6      | Reached ** piety under Trog
   398 | D:7      | Noticed Joseph
   424 | D:7      | Killed Joseph
   424 | D:7      | Reached skill level 6 in Axes
   424 | D:7      | Reached XP level 7. HP: 13/38 MP: 3/8
   563 | D:7      | Found a shattered altar of Ashenzari.
   564 | D:7      | Noticed 4thArraOfDagon's ghost (novice VSBe)
   582 | D:7      | Killed 4thArraOfDagon's ghost
   582 | D:7      | Gained mutation: You have razor-sharp teeth. [Vine Stalker growth]
   582 | D:7      | Reached XP level 8. HP: 28/42 MP: 4/9
   582 | D:7      | Reached skill level 5 in Fighting
   616 | D:7      | Noticed Pikel
   631 | D:7      | Killed Pikel
   631 | D:7      | Reached skill level 7 in Axes
   772 | D:7      | Reached XP level 9. HP: 48/48 MP: 10/10
   822 | D:8      | Reached skill level 8 in Axes
   845 | D:8      | Reached skill level 5 in Armour
  1160 | D:10     | Entered Level 10 of the Dungeon
  1223 | D:11     | Reached skill level 9 in Axes
  1244 | D:11     | HP: 2/49 [orc wizard/dagger (2)]
  1249 | D:11     | HP: 1/49 [orc/hand axe (1)]
  1250 | D:11     | Slain by an orc wizard

Action                   |  1- 3 |  4- 6 |  7- 9 || total
-------------------------+-------+-------+-------++-------
Melee: Hand axe          |    15 |    39 |   164 ||   218
Invok: Berserk           |     3 |     3 |     6 ||    12
       Trog's Hand       |       |     1 |     2 ||     3
  Use: Potion            |       |       |     1 ||     1
  Eat: Chunk             |       |     4 |    10 ||    14
